 Dungeon Crawl Stone Soup version 0.31-a0-214-gb37851dbb3 (webtiles) character file.

Game seed: 10401020035008180600

186 innerfire43 the Cutter (level 5, -4/41 HPs)
             Began as a Demonspawn Monk on July 1, 2023.
             Was a Believer of Nemelex Xobeh.
             Killed by nerve-wracking pain
             ... invoked by an orc priest
              (14 damage)
             ... on level 3 of the Dungeon.
             The game lasted 00:03:25 (2831 turns).

innerfire43 the Cutter (Demonspawn Monk)            Turns: 2831, Time: 00:03:26

Health: -4/41      AC: 17    Str: 18    XL:     5   Next: 38%
Magic:  5/5        EV:  1    Int: 14    God:    Nemelex Xobeh [**....]
Gold:   84         SH:  0    Dex: 15    Spells: 4/4 levels left

rFire   + . .        a - +0 short sword
rCold   . . .        d - orb {light}
rNeg    . . .        e - +0 crystal plate armour of Hopscotch {Fly rF+ Int+3}
rPois   .            (helmet restricted)
rElec   .            (no cloak)
rCorr   .            (no gloves)
SInv    +            q - +0 pair of boots
Will    +....        (no amulet) Stlth
                     p - ring "Ridd" {*Corrode Will+ Str+4 SInv}
HPRegen 0.26/turn    (no ring)
MPRegen 0.09/turn

%: corrode self (3%)
@: flying, glowing
A: antennae 1, yellow scales 1, demonic guardian 1
a: Renounce Religion, Draw Escape, Draw Destruction, Draw Summoning


You were on level 3 of the Dungeon.
You worshipped Nemelex Xobeh.
Nemelex Xobeh was pleased with you.
You visited 1 branch of the dungeon, and saw 3 of its levels.

You collected 84 gold pieces.

Inventory:

Hand Weapons
 a - a +0 short sword (weapon)
Armour
 b - a +2 robe
 d - an orb of light (worn)
 e - the +0 crystal plate armour of Hopscotch (worn) {Fly rF+ Int+3}
   (You acquired it on level 2 of the Dungeon)

   Int:       It affects your intelligence (+3).
   rF:        It protects you from fire.
   Fly:       It grants you flight.
 m - the +2 helmet "Witasuso" {Will+ Dex+2}
   (You found it on level 2 of the Dungeon)

   Dex:       It affects your dexterity (+2).
   Will:      It increases your willpower.
 n - a +0 plate armour
 q - a +0 pair of boots (worn)
Jewellery
 p - the ring "Ridd" (left hand) {*Corrode Will+ Str+4 SInv}
   (You found it on level 2 of the Dungeon)

   [ring of see invisible]

   Str:       It affects your strength (+4).
   SInv:      It lets you see invisible.
   *Corrode:  It may corrode you when you take damage.
   Will:      It increases your willpower.
Scrolls
 f - 2 scrolls of blinking {unknown}
 o - a scroll of teleportation {unknown}
Potions
 c - a potion of ambrosia
 g - 2 potions of heal wounds
 h - 2 potions of cancellation {unknown}
 i - a potion of curing {unknown}
 j - 2 potions of might {unknown}


   Skills:
 - Level 3.5 Fighting
 * Level 5.0 Short Blades
 - Level 3.1 Dodging


You had 4 spell levels left.
You didn't know any spells.
Your spell library contained the following spells:

 Spells                   Type           Power      Damage    Failure   Level
 Freeze                   Ice            0%         1d3       100%        1
 Sublimation of Blood     Necr           0%         N/A       100%        2
 Frozen Ramparts          Ice            0%         1d1       100%        3
 Hailstorm                Conj/Ice       0%         3d3       100%        3
 Ozocubu's Armour         Ice            0%         N/A       100%        3
 Petrify                  Tmut/Erth      0%         N/A       100%        4
 Irradiate                Conj/Tmut      0%         3d11      100%        5
 Ozocubu's Refrigeration  Ice            0%         4d7       100%        7


Dungeon Overview and Level Annotations

Branches:
Dungeon (3/15)

Altars:
Nemelex Xobeh


Innate Abilities, Weirdness & Mutations

You have a pair of small antennae on your head.
You are partially covered in yellow scales. (AC +2)
A weak demonic guardian rushes to your aid.


Message History

You are too injured to fight recklessly!
You are too injured to fight recklessly!
You are too injured to fight recklessly!
You hit the orc.
The orc is heavily wounded.
You hit the orc.
You kill the orc!
The orc priest looks encouraged for a moment.
The orc hits you with a +0 flail.
You hit the adder.
The adder is moderately wounded.
The adder bites you but does no damage. The orc hits you with a +0 flail.
The orc priest hits you but does no damage.
You hit the adder.
The adder is heavily wounded.
The adder bites you but does no damage.
The orc priest hits you but does no damage.
The orc hits you with a +0 flail.
* * * LOW HITPOINT WARNING * * *
You hit the adder but do no damage.
The adder is heavily wounded.
The adder bites you.
* * * LOW HITPOINT WARNING * * *
You hit the adder but do no damage.
The adder is heavily wounded.
The orc hits you with a +0 flail.
* * * LOW HITPOINT WARNING * * *
The orc priest hits you but does no damage.
The adder bites you but does no damage.
You hit the orc priest but do no damage.
The orc priest is moderately wounded.
The adder bites you but does no damage. The orc hits you but does no damage.
The orc priest hits you but does no damage.
You hit the orc priest but do no damage.
The orc priest is moderately wounded.
The adder bites you but does no damage.
The orc priest calls down the wrath of Beogh upon you.
Pain shoots through your body!
You die...
Your body disappears without additional glow.

#.# .# #.# #.# #.#
#.#
###########.####.#
................>#
......#####.####.#
#####.#
#.####.#######
....#.#
#....5........
....#.#
######@######
....#.#
#.....oSo..#
....#.#
#.#####.##.#
....#.# ... #
....#.# #..
###.#.# .... #.#.#
.... #.# ..... #.#


You could see an orc priest, an adder, an orc (ally target) and a friendly white
imp (summoned).

Vanquished Creatures
  Pargi (D:3)
  An orc wizard (D:3)
  An adder (D:3)
  2 dart slugs
  6 orcs (D:3)
  5 ball pythons
  6 bats
  3 endoplasms
  2 giant cockroaches
  3 goblins
  3 hobgoblins (D:1)
  7 kobolds
  4 frilled lizards
  4 rats
48 creatures vanquished.

Notes
Turn   | Place    | Note
-------+----------+-------------------------------------------
     0 | D:1      | innerfire43 the Demonspawn Monk began the quest for the
                  | Orb.
     0 | D:1      | Reached XP level 1. HP: 18/18 MP: 1/1
   201 | D:1      | Gained mutation: A weak demonic guardian rushes to your
                  | aid. [demonic ancestry]
   201 | D:1      | Reached XP level 2. HP: 23/24 MP: 2/2
   436 | D:1      | Reached skill level 3 in Short Blades
   972 | D:2      | Gained mutation: You are partially covered in yellow
                  | scales. (AC +2) [demonic ancestry]
   972 | D:2      | Reached XP level 3. HP: 29/29 MP: 3/3
  1131 | D:2      | Identified the +2 helmet "Witasuso" {Will+ Dex+2}
  1614 | D:2      | Identified the ring "Ridd" {*Corrode Will+ Str+4 SInv}
  1962 | D:2      | Identified a scroll of acquirement
  1962 | D:2      | Acquired the +0 crystal plate armour of Hopscotch {Fly rF+
                  | Int+3}
  2127 | D:3      | Gained mutation: You have a pair of small antennae on your
                  | head. [demonic ancestry]
  2127 | D:3      | Reached XP level 4. HP: 30/35 MP: 4/4
  2240 | D:3      | Noticed Pargi
  2271 | D:3      | Killed Pargi
  2272 | D:3      | Reached skill level 4 in Short Blades
  2272 | D:3      | Reached XP level 5. HP: 11/41 MP: 5/5
  2391 | D:3      | Found a sparkling altar of Nemelex Xobeh.
  2427 | D:3      | Became a worshipper of Nemelex Xobeh the Trickster
  2427 | D:3      | Reached * piety under Nemelex Xobeh
  2427 | D:3      | Received a gift from Nemelex Xobeh
  2427 | D:3      | Reached ** piety under Nemelex Xobeh
  2768 | D:3      | Reached skill level 5 in Short Blades
  2831 | D:3      | Killed from afar by an orc priest

Illustrated notes

Levels and vault maps discovered:
D:1:      shiori_arrival_maze, layout_loops_ring, serial_forest,
          infiniplex_forest_split, infiniplex_forest_lined_corner,
          infiniplex_forest_end_3, infiniplex_forest_lined_3,
          infiniplex_forest_lined_3, infiniplex_forest_lined_3,
          infiniplex_forest_clump_medium
D:2:      layout_basic, serial_corexii_hall, chequers_hall_statues_wall_a,
          chequers_hall_statues_wall_a
D:3:      layout_basic, mainiacjoe_overflow_24_doors, uniq_pargi

Skill      XL: |  1  2  3  4  5 |
---------------+----------------+-----
Short Blades   | 3 4 5 |  5.0
Dodging        | 3 |  3.1
Fighting       | |  3.5

Action                     |  1- 3 |  4- 6 || total
---------------------------+-------+-------++-------
  Melee: Short sword       |   168 |    87 ||   255
    Use: Scroll            |     6 |       ||     6
 Armour: Robe              |    27 |       ||    27
         Crystal plate arm |    37 |   110 ||   147
  Dodge: Dodged            |    58 |     3 ||    61

Table legend: (Time is in decaauts)
 A = Elapsed time spent in this place.
 B = Non-inter-level travel time spent in this place.
 C = Inter-level travel time spent in this place.
 D = Time resting spent in this place.
 E = Time spent auto-exploring this place.
 F = Levels seen in this place.
 G = Mean time per level.
                   A        B        C        D        E       F      G
               +--------+--------+--------+--------+--------+-----+--------+
         Total |   2784 |   2508 |    276 |      0 |   2094 |   3 |  928.0 |
       Dungeon |   2784 |   2508 |    276 |      0 |   2094 |   3 |  928.0 |
               +--------+--------+--------+--------+--------+-----+--------+

Top non-repeatable levels by time:
     D:2: 1120 daAuts
     D:1: 877 daAuts
     D:3: 787 daAuts
